 Dungeon Crawl Stone Soup version 0.31-a0-986-g5e6e4ef867 (webtiles) character file.

Game seed: 13771130437754928088

945 LeprechaunX the Changeling (level 8, -1/48 HPs)
             Began as an Octopode Shapeshifter on Nov 18, 2023.
             Was a Believer of Hepliaklqana.
             Slain by a centaur (3 damage)
             ... on level 5 of the Dungeon.
             The game lasted 00:07:48 (3951 turns).

LeprechaunX the Changeling (Octopode Shapeshifter)  Turns: 3951, Time: 00:07:48

Health: -1/48      AC:  1    Str: 21    XL:     8   Next: 13%
Magic:  8/8        EV: 13    Int: 14    God:    Hepliaklqana [**....]
Gold:   321        SH:  0    Dex: 18    Spells: 7/7 levels left

rFire   + . .        b - +10 dagger "Puip" {flame, Dex+3}
rCold   x . .        (no shield)
rNeg    . . .        (helmet currently unavailable)
rPois   .            (no amulet)
rElec   +            k - ring "Onwethru" {rElec Str+6}
rCorr   .            l - ring "Degoodui" {Fire Int+2 Dex+3}
SInv    .            (no ring)
Will    .....        (no ring)
Stlth   +++          (no ring)
HPRegen 0.28/turn    (no ring)
MPRegen 0.11/turn    (no ring)
                     (no ring)

%: no passive effects
@: beast-form
A: beast (slay +3), reduced essence, almost no armour, amphibious, 8 rings,
camouflage 1, gelatinous body 1, (nimble swimmer 1), tentacles
a: Begin Untransformation, Renounce Religion, Recall Ancestor, Ancestor Identity


You were on level 5 of the Dungeon.
You worshipped Hepliaklqana.
Hepliaklqana was pleased with you.
You were a hulking beast.
You visited 1 branch of the dungeon, and saw 5 of its levels.

You collected 321 gold pieces.

Inventory:

Hand Weapons
 a - a +0 sling
 b - the +10 dagger "Puip" (weapon) {flame, Dex+3}
   (You found it on level 3 of the Dungeon)

   Dex+3:     It affects your dexterity (+3).
Missiles
 n - 6 boomerangs (quivered)
Jewellery
 k - a ring "Onwethru" (left tentacle) {rElec Str+6}
   (You found it on level 2 of the Dungeon)

   [ring of strength]

   Str+6:     It affects your strength (+6).
   rElec:     It insulates you from electricity.
 l - the ring "Degoodui" (right tentacle) {Fire Int+2 Dex+3}
   (You found it on level 2 of the Dungeon)

   [ring of fire]

   Fire:      It enhances your fire magic.
   Int+2:     It affects your intelligence (+2).
   Dex+3:     It affects your dexterity (+3).
   rF+:       It protects you from fire.
   rC-:       It makes you vulnerable to cold.
 v - a +5 ring of evasion
Talismans
 c - a flux talisman
 q - a beast talisman
Scrolls
 d - 3 scrolls of amnesia {unknown}
 e - 3 scrolls of fear {unknown}
 f - 5 scrolls of noise {unknown}
 h - a scroll of immolation {unknown}
 r - a scroll of vulnerability {unknown}
 t - a scroll of identify {unknown}
 u - a scroll of enchant weapon {unknown}
 w - 2 scrolls of teleportation {unknown}
Potions
 g - a potion of magic {unknown}
 i - 3 potions of lignification
 j - 3 potions of invisibility {unknown}
 m - 6 potions of heal wounds {unknown}
 o - a potion of enlightenment {unknown}
 p - a potion of curing {unknown}
 s - a potion of attraction {unknown}


   Skills:
 + Level 4.2 Fighting
 + Level 2.5 Throwing
 - Level 2.0 Dodging
 + Level 5.2 Unarmed Combat
 * Level 6.3 Shapeshifting


You had 7 spell levels left.
You didn't know any spells.
Your spell library was empty.

Dungeon Overview and Level Annotations

Branches:
Dungeon (5/15)             Temple (0/1) D:4

Altars:
Elyvilon
Hepliaklqana
Okawaru
Qazlal

Shops:
D:3 *   D:4 =

Annotations:
D:3 1 runed translucent door, Crazy Yiuf


Innate Abilities, Weirdness & Mutations

You are a hulking beast.
Your limbs bulge with bestial killing power. (Slay +3)
Your life essence is reduced to manifest your ancestor. (-10% HP)
You cannot wear most types of armour.
You are amphibious.
You can wear up to eight rings at the same time.
Your skin changes colour to match your surroundings (Stealth+).
Your rubbery body absorbs attacks. (AC +1, EV +1)
((You are camouflaged when in or above water. (Stealth+)))
You have tentacles for arms and can constrict up to eight enemies at once.


Message History

An iguana is nearby!
The helpless iguana fails to defend itself.
You puncture the iguana! You burn the iguana. You grab the iguana.
The iguana is severely wounded.
You constrict the iguana, but do no damage.
Titus points at the iguana and mumbles some strange words.
The stone arrow hits the iguana.
The iguana dies!
You swap places.
A centaur comes into view.
The centaur shouts!
The centaur wields a +0 shortbow.
The centaur shoots an arrow.
The arrow barely misses you.
A centaur is nearby!
A centaur is nearby!
A centaur is nearby!
A centaur is nearby!
The centaur shoots an arrow.
The arrow hits you!
The centaur shoots an arrow.
The arrow hits you!
The centaur shoots an arrow.
The arrow hits you.
You are too injured to fight recklessly!
You are too injured to fight recklessly!
You are too injured to fight recklessly!
You swap places.
The centaur shoots an arrow.
The arrow hits Titus!
Titus gestures at the centaur while chanting.
The stone arrow hits the centaur!
The centaur shoots an arrow.
The arrow hits Titus!
The centaur shoots an arrow.
The arrow hits Titus!
Titus is destroyed!
The centaur shoots an arrow.
The arrow hits you!
* * * LOW HITPOINT WARNING * * *
You start resting.
The centaur shoots an arrow.
The arrow hits you!
* * * LOW HITPOINT WARNING * * *
The centaur unwields a +0 shortbow.
The centaur barely misses you. The centaur kicks you.
* * * LOW HITPOINT WARNING * * *
You puncture the centaur! You burn the centaur.
The centaur is almost dead.
The centaur hits you.
You die...

.# . .# ..## .# #.. ....
.# .#.# #.##..#####
.##.... ......ch..#
....... #.##..###.###
....... #.........#
......# #...###.#.#
....... #.. #.#†#
.........#.#... #.#.#
...##...##.#...###.#.#
##...#..##.#.......#.#
#...#..##.#......#.....>#


You could see a centaur.

Vanquished Creatures
  Sigmund (D:3)
  An ice beast (D:4)
  A bullfrog (D:4)
  3 scorpions
  A howler monkey (D:4)
  2 hounds
  A sleepcap (D:5)
  An orc wizard (D:2)
  Natasha (D:3)
  An iguana (D:5)
  Robin (D:3)
  8 adders
  A white imp (D:3)
  2 worms (D:3)
  A dart slug (D:2)
  6 orcs
  10 bats
  7 endoplasms
  3 giant cockroaches (D:1)
  12 goblins
  8 hobgoblins
  2 jackals (D:1)
  6 kobolds
  4 quokkas
  4 ball pythons
  4 frilled lizards
  A quokka skeleton (D:2)
  5 rats
98 creatures vanquished.

Vanquished Creatures (collateral kills)
  A hound (D:4)
  An iguana (D:5)
  2 ufetubi (D:5)
  A worm (D:4)
  A dart slug (D:5)
  2 endoplasms (D:4)
8 creatures vanquished.

Vanquished Creatures (others)
  A battlemage (D:5)
1 creature vanquished.

Grand Total: 107 creatures vanquished

Notes
Turn   | Place    | Note
-------+----------+-------------------------------------------
     0 | D:1      | LeprechaunX the Octopode Shapeshifter began the quest for
                  | the Orb.
     0 | D:1      | Reached XP level 1. HP: 13/13 MP: 1/1
   116 | D:1      | Reached XP level 2. HP: 18/18 MP: 2/2
   267 | D:1      | Found a faded altar of an unknown god.
   556 | D:1      | Reached XP level 3. HP: 21/23 MP: 3/3
  1093 | D:2      | Reached XP level 4. HP: 19/29 MP: 4/4
  1186 | D:2      | Found a hazy altar of Hepliaklqana.
  1211 | D:2      | Became a worshipper of Hepliaklqana the Forgotten
  1241 | D:2      | Identified a ring "Onwethru" {rElec Str+6}
  1294 | D:2      | Reached skill level 4 in Shapeshifting
  1428 | D:2      | Identified the ring "Degoodui" {Fire Int+2 Dex+3}
  1586 | D:2      | Reached XP level 5. HP: 35/35 MP: 5/5
  1671 | D:3      | Noticed Sigmund
  1749 | D:3      | Killed Sigmund
  1750 | D:3      | Reached XP level 6. HP: 32/42 MP: 6/6
  1800 | D:3      | Noticed Robin
  1815 | D:3      | Killed Robin
  1816 | D:3      | Reached skill level 5 in Shapeshifting
  2001 | D:3      | Found Ginul's General Store.
  2086 | D:3      | Reached * piety under Hepliaklqana
  2087 | D:3      | Found a stormy altar of Qazlal.
  2164 | D:3      | Identified the +10 dagger "Puip" {flame, Dex+3}
  2275 | D:3      | Noticed Natasha
  2280 | D:3      | Killed Natasha
  2522 | D:3      | Found a runed translucent door.
  2523 | D:3      | Noticed Crazy Yiuf
  2638 | D:4      | Found Ryipn's Jewellery Emporium.
  2806 | D:4      | Noticed an ice beast
  2809 | D:4      | Reached skill level 1 in Throwing
  2809 | D:4      | Reached XP level 7. HP: 36/41 MP: 7/7
  2828 | D:4      | Reached ** piety under Hepliaklqana
  2829 | D:4      | Remembered your ancestor Titus as a battlemage
  3101 | D:4      | Found an iron altar of Okawaru.
  3111 | D:4      | Found a staircase to the Ecumenical Temple.
  3129 | D:4      | Found a white marble altar of Elyvilon.
  3520 | D:5      | Entered Level 5 of the Dungeon
  3541 | D:5      | Reached skill level 6 in Shapeshifting
  3544 | D:5      | Reached skill level 5 in Unarmed Combat
  3834 | D:5      | Reached XP level 8. HP: 40/48 MP: 8/8
  3950 | D:5      | HP: 1/48 [centaur (2)]
  3951 | D:5      | Slain by a centaur

Illustrated notes

Levels and vault maps discovered:
D:1:      minmay_arrival_up_and_down, layout_basic,
          shapermc_ecumenical_altar_totnotflames
D:2:      layout_basic, basic_altar, serial_undead, serial_undead_d,
          serial_undead_d, serial_undead_d, serial_undead_e, minivault_25
D:3:      layout_loops_cross, mainiacjoe_overflow_small_starburst, serial_shops,
          shop, uniq_sigmund, uniq_robin, uniq_crazy_yiuf_cottage, uniq_natasha
D:4:      layout_basic, amcnicky_altar_gilded, lemuel_round_altar,
          minmay_temple_entry_stoned_glass, serial_shops, shop
D:5:      layout_basic

Skill      XL: |  1  2  3  4  5  6  7 |
---------------+----------------------+-----
Fighting       | 2 3 4 |  4.2
Shapeshifting  | 4 5 6 |  6.3
Unarmed Combat | 4 5 |  5.2
Throwing       | 1 2 |  2.5
Dodging        | |  2.0

Action                     |  1- 3 |  4- 6 |  7- 9 || total
---------------------------+-------+-------+-------++-------
  Melee: Unarmed           |    59 |    61 |       ||   120
         Constrict         |    16 |    27 |    10 ||    53
         Tentacles         |    12 |    17 |     6 ||    35
         Punch             |     1 |     4 |       ||     5
         Dagger            |       |    20 |    24 ||    44
  Throw: Boomerang         |       |       |     2 ||     2
 Invoke: Ancestor Life: Ba |       |       |     1 ||     1
   Stab: Sleeping          |    12 |     7 |     4 ||    23
         Distracted        |       |       |     1 ||     1
 Armour: Skin              |    23 |    30 |    13 ||    66
  Dodge: Dodged            |    26 |    48 |    11 ||    85

Table legend: (Time is in decaauts)
 A = Elapsed time spent in this place.
 B = Non-inter-level travel time spent in this place.
 C = Inter-level travel time spent in this place.
 D = Time resting spent in this place.
 E = Time spent auto-exploring this place.
 F = Levels seen in this place.
 G = Mean time per level.
                   A        B        C        D        E       F      G
               +--------+--------+--------+--------+--------+-----+--------+
         Total |   3942 |   3816 |    126 |     49 |   3169 |   5 |  788.4 |
       Dungeon |   3942 |   3816 |    126 |     49 |   3169 |   5 |  788.4 |
               +--------+--------+--------+--------+--------+-----+--------+

Top non-repeatable levels by time:
     D:1: 1067 daAuts
     D:3: 911 daAuts
     D:4: 881 daAuts
     D:2: 651 daAuts
     D:5: 430 daAuts
